Map: Orbital Shipyard

Players

ILLBdA - Winner!

  • Race: Protoss Protoss
  • League: Diamond

아흐리만

  • Race: Zerg Zerg
  • League: Diamond

VOD

Have the link to the VOD?

Description

Time

  • Played on: Dec. 21, 2015, 5:35 a.m.
  • Length: 9:45
Show
View Real Time Build Order
Export as new Build Order

ILLBdA Protoss - Winner!

Build Orders:  

Get SALT Encoding   

  12  0:01  Probe (Chrono Boost)  
  13  0:11  Probe (Chrono Boost)  
  14  0:22  Probe (Chrono Boost), Pylon  
  15  0:41  Probe (Chrono Boost)  
  16  0:45  Forge  
  16  0:51  Probe (Chrono Boost)  
  17  1:02  Probe (Chrono Boost)  
  18  1:12  Probe (Chrono Boost)  
  19  1:19  Pylon  
  19  1:23  Pylon  
  19  1:25  Pylon  
  19  1:41  Photon Cannon  
  19  1:48  Probe (Chrono Boost)  
  20  1:59  Photon Cannon  
  20  2:04  Probe (Chrono Boost)  
  21  2:15  Probe (Chrono Boost)  
  22  2:19  Nexus  
  22  2:26  Pylon  
  22  2:28  Probe (Chrono Boost)  
  23  2:35  Gateway  
  23  2:39  Probe (Chrono Boost)  
  23  2:40  Assimilator  
  24  2:45  Assimilator  
  24  2:59  Probe (Chrono Boost)  
  24  3:02  Photon Cannon  
  24  3:04  Pylon  
  25  3:14  Probe (Chrono Boost)  
  26  3:25  Probe (Chrono Boost)  
  29  3:31  Cybernetics Core  
  29  3:32  Probe (Chrono Boost)  
  28  3:35  Probe (Chrono Boost)  
  28  3:36  Photon Cannon  
  28  3:37  Zealot  
  28  3:38  Pylon  
  31  3:44  Probe (Chrono Boost)  
  31  3:46  Probe (Chrono Boost)  
  33  3:56  Pylon  
  33  3:57  Probe x2 (Chrono Boost)  
  35  4:07  Stalker (Chrono Boost), Probe (Chrono Boost)  
  39  4:11  Mothership Core (Chrono Boost)  
  39  4:14  Warp Gate  
  40  4:23  Stargate  
  40  4:25  Probe (Chrono Boost)  
  40  4:29  Pylon  
  41  4:36  Stalker (Chrono Boost)  
  41  4:38  Probe  
  44  4:42  Pylon  
  44  4:43  Probe  
  45  4:46  Assimilator  
  45  4:51  Assimilator  
  45  4:55  Probe x2  
  47  5:02  Pylon  
  47  5:07  Gateway  
  47  5:10  Gateway  
  47  5:12  Void Ray (Chrono Boost)  
  51  5:18  Probe  
  52  5:25  Gateway  
  52  5:27  Gateway  
  52  5:30  Gateway  
  52  5:34  Probe x2  
  54  5:37  Stalker  
  56  5:50  Probe, Phoenix (Chrono Boost), Twilight Council  
  61  6:04  Probe x2  
  61  6:30  Stalker x3  
  61  6:31  Stalker x2  
  72  6:32  Probe  
  72  6:34  Pylon  
  76  6:46  Pylon  
  76  6:47  Protoss Ground Weapons Level 1  
  76  6:52  Blink (Chrono Boost)  
  75  6:55  Stalker x4  
  79  7:02  Stalker  
  81  7:08  Pylon  
  81  7:15  Stalker  
  83  7:29  Stalker x4  
  91  7:46  Nexus  
  91  7:48  Oracle  
  91  7:49  Pylon  
  91  7:50  Pylon  
  94  7:52  Pylon  
  94  7:53  Stalker  
  94  7:54  Stalker  
  98  8:02  Stalker  
  98  8:03  Stalker  
  102  8:13  Stalker x2  
  106  8:21  Stalker  
  108  8:32  Stalker x2  
  112  8:37  Probe  
  111  9:06  Stalker x5  
Show
View Real Time Build Order
Export as new Build Order

아흐리만 Zerg 

Build Orders: Hatch First 

Get SALT Encoding   

  12  0:01  Drone  
  13  0:12  Overlord  
  13  0:17  Drone  
  14  0:30  Drone x2  
  14  0:34  Drone  
  17  0:52  Hatchery  
  17  0:56  Drone  
  17  0:59  Extractor  
  17  1:03  Drone  
  17  1:16  Spawning Pool  
  16  1:19  Drone  
  17  1:40  Drone x2  
  19  2:06  Queen  
  21  2:14  Zergling x2  
  22  2:18  Spine Crawler  
  22  2:22  Spine Crawler  
  20  2:33  Roach Warren  
  19  2:50  Drone x3  
  22  3:05  Drone x3  
  24  3:33  Overlord x2  
  24  3:49  Overlord  
  24  3:50  Queen  
  27  4:02  Drone  
  27  4:03  Drone  
  28  4:10  Zergling x2  
  29  4:30  Drone  
  30  4:33  Extractor, Queen  
  30  4:34  Overlord  
  31  5:08  Hatchery  
  30  5:17  Drone  
  31  5:35  Metabolic Boost  
  31  5:37  Roach  
  31  5:38  Roach x4  
  31  5:39  Roach x2  
  31  5:40  Overlord  
  45  5:54  Drone  
  45  5:56  Lair  
  45  6:03  Spore Crawler  
  43  6:12  Hatchery  
  42  6:44  Drone x3  
  45  6:58  Hydralisk Den, Glial Reconstitution  
  44  7:02  Hatchery  
  44  7:03  Evolution Chamber  
  44  7:04  Drone x2  
  44  7:06  Evolution Chamber  
  44  7:07  Drone x3  
  46  7:24  Queen  
  44  7:33  Queen  
  44  7:34  Spore Crawler, Queen  
  44  7:36  Drone  
  48  7:39  Extractor  
  47  7:53  Drone x6  
  53  8:00  Drone x2  
  53  8:04  Drone x2  
  57  8:16  Drone x3  
  57  8:17  Drone x2  
  62  8:23  Muscular Augments  
  62  8:53  Zergling x2  
  62  8:54  Zergling x18  
Tags
 
Matchup
PvZ
Replay Pack
me
Add a new tag
Caveats
  • Supply blocks, unpowered buildings, or Contaminate may cause inaccurate times.
  • Supply counts are checked every 10 seconds.